Map: World of Sleepers LE

Players

Reynor

  • Race: Zerg Zerg
  • Spawn Location: 1:00

Serral - Winner!

  • Race: Zerg Zerg
  • Spawn Location: 7:00

VOD

Have the link to the VOD?

Description

Time

  • Played on: Sept. 8, 2019, 5:28 p.m.
  • Length: 5:28
Show
View Real Time Build Order
Export as new Build Order

Reynor Zerg 

Build Orders: Hatch First 

Get SALT Encoding   

  12  0:00  Drone  
  13  0:12  Overlord  
  13  0:16  Drone  
  14  0:30  Drone x2  
  16  0:47  Hatchery  
  15  0:51  Drone  
  15  0:55  Drone  
  17  0:58  Drone  
  18  1:06  Extractor  
  17  1:14  Spawning Pool  
  17  1:17  Drone  
  17  1:22  Drone  
  18  1:28  Drone  
  19  1:40  Drone  
  20  1:49  Overlord  
  20  2:01  Queen x2  
  20  2:02  Zergling x4  
  26  2:11  Zergling x4  
  26  2:12  Metabolic Boost  
  28  2:21  Zergling x4  
  30  2:32  Zergling x4  
  30  2:36  Queen  
  34  2:46  Overlord  
  34  2:50  Evolution Chamber, Zergling x2  
  34  2:53  Zergling x4  
  36  3:06  Zergling x4  
  36  3:09  Roach Warren  
  36  3:12  Evolution Chamber, Zergling x2  
  37  3:18  Zergling x2  
  37  3:19  Zergling x4  
  40  3:23  Zergling x2  
  40  3:26  Zergling x2  
  42  3:28  Zergling x2  
  43  3:35  Zergling x2  
  43  3:38  Overlord  
  44  3:53  Overlord  
  44  3:58  Zergling x8  
  48  4:06  Zergling x4  
  48  4:07  Zergling x2  
  51  4:10  Zergling x2  
  51  4:14  Zergling x2  
  52  4:23  Zergling x6  
  50  4:29  Zergling x4  
  50  4:35  Zergling x4  
  51  4:45  Zergling x6  
  45  4:47  Zergling x2  
  45  4:52  Zergling x4  
  46  4:57  Zergling x2  
  39  5:02  Zergling x4  
  39  5:06  Zergling x2  
Show
View Real Time Build Order
Export as new Build Order

Serral Zerg - Winner!

Build Orders: Hatch First 

Get SALT Encoding   

  12  0:00  Drone  
  13  0:12  Overlord  
  13  0:17  Drone  
  14  0:30  Drone x2  
  16  0:47  Hatchery  
  15  0:51  Drone  
  15  0:54  Drone  
  17  0:57  Drone  
  18  1:07  Extractor  
  17  1:13  Spawning Pool  
  17  1:16  Drone  
  17  1:18  Drone  
  18  1:28  Drone  
  20  1:40  Drone  
  20  1:49  Drone  
  21  1:59  Queen x2  
  21  2:00  Overlord  
  25  2:01  Zergling x2  
  25  2:08  Metabolic Boost  
  26  2:10  Drone  
  26  2:11  Drone  
  28  2:21  Drone  
  30  2:22  Drone  
  30  2:32  Hatchery  
  30  2:34  Drone  
  30  2:41  Drone  
  31  2:48  Drone x2  
  31  2:50  Evolution Chamber  
  32  2:53  Overlord  
  32  3:00  Drone  
  32  3:03  Drone  
  34  3:10  Zergling x2  
  34  3:12  Zergling x10  
  40  3:16  Drone  
  40  3:19  Overlord  
  41  3:21  Drone  
  41  3:26  Drone  
  43  3:33  Zerg Melee Weapons Level 1, Baneling Nest  
  42  3:41  Drone x2  
  42  3:42  Drone  
  42  3:44  Drone x2, Queen  
  42  3:45  Drone  
  50  3:52  Zergling x8  
  54  3:57  Zergling x6  
  57  4:03  Zergling x2  
  57  4:04  Evolution Chamber  
  57  4:09  Evolution Chamber, Zergling x4  
  58  4:14  Evolution Chamber  
  58  4:16  Baneling x4  
  53  4:24  Queen x2  
  53  4:25  Zergling x2  
  54  4:36  Zergling x10  
  55  4:39  Baneling x2  
  53  4:48  Zergling x6  
  48  4:59  Zergling x6  
  47  5:10  Zergling x2  
Tags
 
Add a new tag
Caveats
  • Supply blocks, unpowered buildings, or Contaminate may cause inaccurate times.
  • Supply counts are checked every 10 seconds.